AoeStats
← Rudelfux

Arabia

510804806Analyzed
1v1 RM · 8h ago on Oct 2, 2026· 15m 43s· 2 players
Game mode
Random Map
Map size
Tiny (2 player)
Population
200
Speed
Normal
Resources
Standard
Victory
Conquest
Starting age
Dark Age
Ending age
Imperial Age
RankedLock teamsTeams togetherTeam positionsShared explorationLock speedFull tech treeHidden civsTurbo modeCheats
Victory
Defeat
🇦🇺 Poles · Australia
592
+15
🇩🇪 Bohemians · Germany
579
-15
Rudelfux
7:57 Loom
12:24 Feudal Age
13:15 Horse Collar
13:22 Double-Bit Axe
rickyhodson79
10:54 Feudal Age
11:52 Double-Bit Axe
12:57 Horse Collar
16:06 Forging
Connection lost

Rejoining the realm…

Still unreachable

The connection could not be restored.

Session expired

The server has moved on; the page needs a fresh start.